 Dungeon Crawl Stone Soup version 0.26.0-10-g1f06aea511 (webtiles) character file.

Game seed: 6272691809340869432

34668 Borgoz the Carver (level 13, -6/114 HPs)
             Began as a Ghoul Gladiator on Jan 31, 2021.
             Was an Elder of Dithmenos.
             Mangled by a red devil
             ... wielding a +0 trident
             ... summoned by a kobold demonologist
              (11 damage)
             ... on level 13 of the Dungeon.
             The game lasted 00:35:55 (15512 turns).

Borgoz the Carver (Ghoul Gladiator)                Turns: 15512, Time: 00:35:55

Health: -6/114     AC:  5    Str: 19    XL:     13   Next: 78%
Magic:  0/12       EV: 17    Int:  6    God:    Dithmenos [****..]
Gold:   1360       SH:  0    Dex: 14    Spells: 10/12 levels left

rFire    . . .     SeeInvis .   f - +4 scimitar (vorpal)
rCold    + . .     Faith    .   (no shield)
rNeg     + + +     Spirit   +   y - +3 chain mail of the Beggar {*Drain +Fly rElec Slay+5}
rPois    ∞         Reflect  .   n - +2 hat {Int+3}
rElec    +         Harm     .   c - +2 cloak
rCorr    .         Rampage  .   F - +0 pair of gloves of Lugonu's Delight {+Fly}
Will     .....                  D - +1 pair of boots
Stlth    ..........             G - amulet of guardian spirit
HPRegen  0.00/turn              x - +4 ring of evasion
MPRegen  0.13/turn              r - ring of the Tortoise {AC+8}

@: about to teleport, corroded, hasted, wreathed by umbra, studying Dodging,
very quick
A: claws 1, cold resistance 1, negative energy resistance 3, inhibited
regeneration, torment resistance, unbreathing
a: Renounce Religion, Evoke Flight, Shadow Step


You were on level 13 of the Dungeon.
You worshipped Dithmenos.
Dithmenos was greatly pleased with you.
You visited 2 branches of the dungeon, and saw 14 of its levels.
You also visited: Ossuary and Bailey.

You collected 1360 gold pieces.

Inventory:

Hand Weapons
 b - a +3 great sword
 f - a +4 vorpal scimitar (weapon)
Armour
 c - a +2 cloak (worn)
 n - a +2 hat of intelligence (worn)
 y - the +3 chain mail of the Beggar (worn) {*Drain +Fly rElec Slay+5}
   (You took it off a wight on level 9 of the Dungeon)

   It affects your accuracy and damage with ranged weapons and melee attacks
   (+5).
   It insulates you from electricity.
   It lets you fly.
   It causes draining when unequipped.
 D - a +1 pair of boots (worn)
 F - the +0 pair of gloves of Lugonu's Delight (worn) {+Fly}
   (You found it on level 7 of the Dungeon)

   It lets you fly.
Jewellery
 h - an uncursed ring of see invisible
 k - an uncursed ring of willpower
 m - an uncursed ring of protection from fire
 r - the ring of the Tortoise (right hand) {AC+8}
   (You found it on level 11 of the Dungeon)

   [ring of protection]

   It affects your AC (+8).
 x - a +4 ring of evasion (left hand)
 G - an amulet of guardian spirit (around neck)
Wands
 a - a wand of iceblast (5)
 j - a wand of flame (37)
 o - a wand of disintegration (16)
 s - a wand of paralysis (3)
 t - a wand of acid (8)
 u - a wand of digging (4)
Scrolls
 e - 4 scrolls of teleportation
 g - 3 scrolls of magic mapping
 i - 13 scrolls of remove curse
 l - a scroll of fog
 p - 2 scrolls of enchant armour
 q - 2 scrolls of blinking
 C - a scroll of fear
 E - a scroll of enchant weapon
Potions
 v - a potion of magic
 z - 6 potions of brilliance
 A - a potion of flight
 B - 2 potions of curing
 H - a potion of invisibility {unknown}
Books
 w - a manual of Dodging


   Skills:
 + Level 10.6 Fighting
 * Level 12.4 Long Blades
 - Level 1.7 Throwing
 * Level 12.1 Armour
 + Level 10.9 Dodging


You had 10 spell levels left.
You knew the following spells:

 Your Spells              Type           Power        Failure   Level
a - Blink                 Tloc           N/A          99%         2

Your spell library contained the following spells:

 Spells                   Type           Power        Failure   Level
 Magic Dart               Conj           0%           98%         1
 Sting                    Tmut/Pois      0%           98%         1
 Call Imp                 Summ           0%           99%         2
 Poisonous Vapours        Pois/Air       0%           99%         2
 Searing Ray              Conj           0%           99%         2
 Slow                     Hex            0%           99%         2
 Conjure Flame            Conj/Fire      0%           100%        3
 Dazzling Flash           Conj/Hex       0%           100%        3
 Ignite Poison            Fire/Tmut/Pois 0%           100%        3
 Mephitic Cloud           Conj/Pois/Air  0%           100%        3
 Fulminant Prism          Conj/Hex       0%           100%        4
 Iskenderun's Mystic Bla  Conj/Tloc      0%           100%        4
 Olgreb's Toxic Radiance  Pois           0%           100%        4
 Bolt of Magma            Conj/Fire/Erth 0%           100%        5
 Irradiate                Conj/Tmut      0%           100%        5
 Iskenderun's Battlesphe  Conj           0%           100%        5
 Iron Shot                Conj/Erth      0%           100%        6
 Orb of Destruction       Conj           0%           100%        7
 Spellforged Servitor     Conj/Summ      0%           100%        7
 Hydra Form               Tmut           Unusable     N/A         6
 Statue Form              Tmut/Erth      Unusable     N/A         6
 Dragon Form              Tmut           Unusable     N/A         7

Dungeon Overview and Level Annotations

Branches:
Dungeon (13/15)            Temple (1/1) D:6            Lair (0/6) D:10
    Orc (0/2) D:11        Ossuary (visited)          Bailey (visited)
 Vaults: D:13-14

Altars:
Ashenzari
Cheibriados
Dithmenos
Elyvilon
Fedhas
Gozag
Hepliaklqana
Kikubaaqudgha
Makhleb
Nemelex Xobeh
Okawaru
Qazlal
Ru
Sif Muna
Trog
Uskayaw
Vehumet
Wu Jian
Xom
Yredelemnul
Zin
The Shining One

Shops:
D:9 *   D:10 }:

Portals:
Trove: D:12 (give +4 fire dragon scales)

Annotations:
D:8 2 transporters
D:13 Rupert


Innate Abilities, Weirdness & Mutations

You thrive by killing the living.
You are immune to poison.
You have sharp fingernails.
Your flesh is cold resistant. (rC+)
You are immune to negative energy. (rN+++)
You do not regenerate when monsters are visible.
You are immune to unholy pain and torment.
You can survive without breathing.


Message History

The boulder beetle curls into a ball and begins rolling!
The red devil hops backward while attacking.
The red devil hits you from afar with a +0 trident!!
* * * LOW HITPOINT WARNING * * *
As you read the scroll of fear, it crumbles to dust.
You assume a fearsome visage.
The red devil is unaffected.
The big kobold looks frightened!
The chaos spawn is unaffected.
The kobold looks frightened!
The kobold demonologist looks frightened!
The kobold looks frightened!
The boulder beetle looks frightened!
The iron imp is unaffected.
The quasit is unaffected.
The iron imp grinds its teeth.
The quasit misses you. The quasit closely misses you.
The quasit completely misses you.
As you read the scroll of teleportation, it crumbles to dust.
You feel strangely unstable.
The red devil hits you from afar with a +0 trident!
* * * LOW HITPOINT WARNING * * *
The red devil hits you from afar with a +0 trident!
You die...

#.....°......
#..>K..°K..
#..K..)†)#
#.......K# #
#......5(#
.###........#
.........44.#
..#........5#
.# #........@#
#.###
#.......).#
#...
#.........###.#
#.............#
#..........<..#
#.............#
#.........$...#
#...###......<#
#...# #.......#


You could see a kobold demonologist (fleeing), a chaos spawn (summoned), a red
devil (summoned), a big kobold (fleeing), an iron imp (summoned), a quasit
(summoned) and 2 kobolds.

Vanquished Creatures
  Gastronok (D:8)
  Kirke (D:12)
  Erolcha (D:11)
  A catoblepas (D:11)
  2 death yaks (D:10)
  3 two-headed ogres
  2 centaur warriors
  Urug (D:10)
  Sonja (D:12)
  8 slime creatures
  An unseen horror (shapeshifter) (D:9)
  An unseen horror (D:10)
  Pikel (D:9)
  3 ugly things
  Maurice (D:9)
  Joseph (D:7)
  2 kobold demonologists (D:13)
  A komodo dragon (D:9)
  2 guardian mummies (D:12)
  4 trolls
  The ghost of Dracia the Spear-Bearer, an amateur MfGl (D:3)
  Prince Ribbit (D:9)
  A meliai zombie (D:11)
  A vampire (D:10)
  Sigmund (D:3)
  26 yaks
  A shadow (D:9)
  A spriggan (shapeshifter) (D:9)
  4 hogs (D:12)
  A basilisk (D:10)
  Grum (D:10)
  A steam dragon (D:9)
  A swamp worm (D:11)
  2 ice beasts (D:11)
  A black bear (D:10)
  17 orc warriors
  A necrophage (D:9)
  An eye of draining (D:11)
  5 phantoms
  20 centaurs
  4 wolves (D:10)
  10 ogres
  A lemure (D:9)
  2 elf zombies (Ossuary)
  6 bullfrogs
  A gnoll sergeant (D:8)
  A wyvern zombie (D:10)
  A wyvern skeleton (D:10)
  2 scorpions
  15 killer bees
  17 wights
  10 howler monkeys
  5 centaur zombies
  3 hounds
  A human zombie (Ossuary)
  A quasit (D:10)
  4 bullfrog zombies
  5 jellies
  8 orc priests
  5 bullfrog skeletons
  5 centaur skeletons
  2 iguanas
  23 orc wizards
  Ijyb (D:4)
  11 worker ants
  A big kobold zombie (Ossuary)
  3 hound zombies
  2 mummies (Ossuary)
  A worker ant zombie (D:11)
  Robin (D:2)
  8 gnolls
  13 adders
  3 howler monkey skeletons (D:10)
  A shadow imp (D:10)
  A white imp (D:8)
  3 ufetubi
  2 oozes
  An adder skeleton (D:4)
  2 worms
  3 dart slugs (D:2)
  3 leopard geckos
  66 orcs
  5 giant cockroaches
  9 goblins
  7 hobgoblins
  10 jackals
  4 kobolds
  5 quokkas
  4 bats
  5 frilled lizards
  A goblin zombie (Ossuary)
  12 hobgoblin zombies (Ossuary)
  A jackal skeleton (D:4)
  6 kobold zombies (Ossuary)
  9 orc zombies (Ossuary)
  A quokka skeleton (D:4)
  2 quokka zombies
  4 rats
  A rat zombie (Ossuary)
470 creatures vanquished.

Vanquished Creatures (others)
  2 humans (D:12)
  An orc priest (D:12)
  4 orcs (D:12)
  3 plants (D:11)
10 creatures vanquished.

Grand Total: 480 creatures vanquished

Notes
Turn   | Place    | Note
-------+----------+-------------------------------------------
     0 | D:1      | Borgoz the Ghoul Gladiator began the quest for the Orb.
     0 | D:1      | Reached XP level 1. HP: 17/17 MP: 0/0
   807 | D:2      | Reached XP level 2. HP: 21/24 MP: 1/1
   869 | D:2      | Reached skill level 1 in Armour
   909 | D:2      | Reached XP level 3. HP: 30/30 MP: 2/2
  1351 | D:2      | Noticed Robin
  1365 | D:2      | Killed Robin
  1366 | D:2      | Reached XP level 4. HP: 19/37 MP: 3/3
  1656 | D:2      | Noticed an orc warrior
  1669 | D:2      | Killed an orc warrior
  1670 | D:2      | Reached XP level 5. HP: 36/45 MP: 4/4
  2189 | D:3      | Noticed Dracia's ghost (amateur MfGl)
  2221 | D:3      | Reached XP level 6. HP: 35/51 MP: 5/5
  2498 | D:3      | Found a transporter.
  2500 | D:3      | Found a transporter.
  2513 | D:3      | Noticed Sigmund
  2524 | D:3      | Killed Sigmund
  2525 | D:3      | Reached XP level 7. HP: 34/58 MP: 6/6
  2748 | D:3      | Found a sacrificial altar of Ru.
  3267 | D:4      | Noticed Ijyb
  3272 | D:4      | Killed Ijyb
  3687 | D:4      | Reached skill level 5 in Long Blades
  3760 | D:5      | Entered Level 5 of the Dungeon
  3839 | D:5      | Found a hazy altar of Hepliaklqana.
  3893 | D:5      | Found a sand-covered staircase.
  3903 | Ossuary  | Entered an ossuary
  3916 | Ossuary  | Reached XP level 8. HP: 64/66 MP: 7/7
  4588 | D:5      | Found an opulent altar of Gozag.
  4589 | D:5      | Found a sparkling altar of Nemelex Xobeh.
  4670 | D:6      | Reached skill level 5 in Armour
  4720 | D:6      | Found a staircase to the Ecumenical Temple.
  4730 | Temple   | Entered the Ecumenical Temple
  4907 | Temple   | Became a worshipper of Dithmenos the Shadowed
  4998 | D:6      | Reached skill level 5 in Fighting
  5018 | D:6      | Reached skill level 5 in Dodging
  5184 | D:6      | Reached XP level 9. HP: 74/74 MP: 8/8
  5437 | D:6      | Found a sparkling altar of Nemelex Xobeh.
  5770 | D:7      | Reached * piety under Dithmenos
  5877 | D:7      | Found a sparkling altar of Nemelex Xobeh.
  5962 | D:7      | Got a pair of warped gloves
  5973 | D:7      | Identified the +0 pair of gloves of Lugonu's Delight {+Fly}
                  | (You found it on level 7 of the Dungeon)
  6130 | D:7      | Found a white marble altar of Elyvilon.
  6376 | D:8      | Noticed Joseph
  6377 | D:8      | Found a hide-covered altar of Uskayaw.
  6731 | D:7      | Killed Joseph
  6811 | D:8      | Reached XP level 10. HP: 81/84 MP: 9/9
  6875 | D:8      | Reached ** piety under Dithmenos
  6952 | D:8      | You fall into a shaft and drop 2 floors!
  6952 | D:10     | Entered Level 10 of the Dungeon
  6952 | D:10     | Found a basalt altar of Yredelemnul.
  6959 | D:10     | Found Etiqepua's Book Boutique.
  6999 | D:10     | Noticed Urug
  7000 | D:10     | Found a staircase to the Lair.
  7000 | D:10     | Noticed a death yak
  7000 | D:10     | Noticed a death yak
  7068 | D:10     | Noticed Grum
  7354 | D:9      | Found Reit's General Store.
  7467 | D:9      | Found a glowing golden altar of the Shining One.
  7650 | D:9      | Got a fine executioner's axe
  8079 | D:9      | Learned a level 2 spell: Blink
  8224 | D:8      | Noticed a two-headed ogre
  8231 | D:8      | Killed a two-headed ogre
  8287 | D:8      | Found a transporter.
  8287 | D:8      | Noticed a boulder beetle
  8288 | D:8      | Noticed a flayed ghost
  8293 | D:8      | Found a burning altar of Makhleb.
  8293 | D:8      | Found a transporter.
  8294 | D:8      | Noticed a catoblepas
  8354 | D:8      | Noticed Gastronok
  8370 | D:8      | Killed Gastronok
  8371 | D:8      | Reached XP level 11. HP: 46/93 MP: 3/10
  8861 | D:8      | Found a sacrificial altar of Ru.
  8938 | D:8      | Reached *** piety under Dithmenos
  9139 | D:3      | Killed Dracia's ghost
  9443 | D:9      | Noticed a two-headed ogre
  9460 | D:9      | Killed a two-headed ogre
  9577 | D:9      | Noticed Maurice
  9623 | D:9      | Killed Maurice
  9951 | D:9      | Noticed a green ugly thing
  9964 | D:9      | Killed a green ugly thing
  9979 | D:9      | Noticed a centaur warrior
  9988 | D:9      | Killed a centaur warrior
 10190 | D:9      | Noticed Prince Ribbit
 10206 | D:9      | Killed Prince Ribbit
 10212 | D:9      | Reached skill level 10 in Long Blades
 10240 | D:9      | Noticed a salamander
 10240 | D:9      | a salamander changed into something unseen
 10251 | D:9      | Killed an unseen horror
 10348 | D:9      | Noticed Pikel
 10349 | D:9      | Identified the +3 chain mail of the Beggar {*Drain +Fly
                  | rElec Slay+5}
 10351 | D:9      | Reached **** piety under Dithmenos
 10369 | D:9      | Killed Pikel
 10452 | D:9      | Got a sparkling silver amulet
 10463 | D:9      | Identified the amulet of Lurrouxo {Inacc rPois MP+9 Str+3
                  | Dex-4} (You found it on level 9 of the Dungeon)
 10707 | D:10     | Reached XP level 12. HP: 99/103 MP: 11/11
 10709 | D:10     | Reached skill level 10 in Armour
 10714 | D:10     | Killed Grum
 11310 | D:10     | Killed a death yak
 11344 | D:10     | Killed a death yak
 11524 | D:10     | Found Xegyshre's Gadget Emporium.
 11613 | D:10     | Killed Urug
 12191 | D:11     | Noticed a two-headed ogre
 12196 | D:11     | Killed a two-headed ogre
 12221 | D:11     | Reached ***** piety under Dithmenos
 12231 | D:11     | Found a staircase to the Orcish Mines.
 12393 | D:11     | Noticed a catoblepas
 12412 | D:11     | Killed a catoblepas
 12516 | D:11     | Found the ring of the Tortoise {AC+8}
 12609 | D:11     | Reached XP level 13. HP: 113/113 MP: 12/12
 12830 | D:11     | Noticed Erolcha
 12835 | D:11     | Killed Erolcha
 13133 | D:11     | Reached skill level 10 in Fighting
 13133 | D:11     | Reached skill level 10 in Dodging
 13279 | D:12     | Found a flagged portal.
 13360 | D:12     | Noticed Kirke
 13377 | D:12     | Noticed a sphinx
 13387 | D:12     | Killed Kirke
 13425 | Bailey   | Entered a bailey
 13783 | Bailey   | Found the +3 Elemental Staff {rElec rF++ rC++ Will++ AC+5}
 14484 | D:12     | Noticed Sonja
 14497 | D:12     | Killed Sonja
 14909 | D:12     | Found a portal to a secret trove of treasure.
 15300 | D:13     | Noticed Rupert
 15510 | D:13     | HP: 5/114 [red devil/+0 trident[a kobold demonologist] (7)]
 15512 | D:13     | Mangled by a red devil

Illustrated notes

Levels and vault maps discovered:
D:1:      eino_arrival_water_cross, layout_loops_ring
D:2:      layout_basic, uniq_robin
D:3:      layout_rooms, general_overflow_altar, gammafunk_ghost_arena,
          uniq_sigmund
D:4:      layout_loops_ring, uniq_ijyb
D:5:      layout_rooms, grunt_temple_overflow_opulence,
          lightli_ossuary_entry_decrepit_ruins, basic_altar
D:6:      minmay_inner_zag, layout_loops_ring, minmay_temple_entry_large_hall,
          nemelex_dance_club_becter
D:7:      layout_basic, elyvilon_altar_1, nemelex_lonely_heart_becter
D:8:      layout_loops_cross, gammafunk_temple_overflow_arena,
          eat_drink_and_be_merry_uskayaw, lemuel_centaur_altar, uniq_gastronok,
          uniq_joseph
D:9:      minmay_the_grid_octo_tiled_squarecenter [minmay_the_grid_octo_toaster,
          minmay_the_grid_octo_horde, minmay_the_grid_octo_empty,
          minmay_the_grid_octo_77, minmay_the_grid_square_5x5_megaprize_open,
          minmay_the_grid_square_5x5_moneybag,
          minmay_the_grid_square_5x5_beaten_path,
          minmay_the_grid_square_5x5_doubleslash,
          minmay_the_grid_square_5x5_intrusive_squares], layout_gridville,
          serial_shops, shop, lemuel_statue_altar, uniq_prince_ribbit1,
          uniq_maurice, uniq_pikel
D:10:     nzn_winding_woodlands_medium [nzn_winding_woodlands_hourglass,
          nzn_winding_woodlands_5x15_river_crossing,
          nzn_winding_woodlands_5x5_three, nzn_winding_woodlands_5x5_perimeter,
          nzn_winding_woodlands_center_triple_pond,
          nzn_winding_woodlands_5x5_checkerboard,
          nzn_winding_woodlands_5x5_cross, nzn_winding_woodlands_5x15_crooked,
          nzn_winding_woodlands_5x5_open_star], layout_gridville,
          dpeg_lair_monsters, serial_shops, shop, shop, basic_altar, uniq_grum,
          uniq_urug
D:11:     layout_basic, orc_0_dummy, worms_lemuel, uniq_erolcha
D:12:     layout_stronghold, enter_bailey_2, nicolae_trove_entry_path_of_doom,
          uniq_frances, uniq_sonja, uniq_kirke
D:13:     layout_long_grid, grunt_gozag_statues, uniq_snorg, uniq_rupert
Temple:   regret_index_temple_sphere_string

Skill      XL: |  1  2  3  4  5  6  7  8  9 10 11 12 13 |
---------------+----------------------------------------+-----
Long Blades    | 3 4 5 6 7 9 10 11 12 | 12.4
Armour         | 1 2 3 4 5 7 8 9 11 12 | 12.1
Dodging        | 3 4 5 6 7 8 9 10 | 10.9
Fighting       | 3 4 5 6 7 8 9 10 | 10.6
Throwing       | |  1.7

Action                   |  1- 3 |  4- 6 |  7- 9 | 10-12 | 13-15 || total
-------------------------+-------+-------+-------+-------+-------++-------
Melee: Long sword        |    69 |    12 |       |       |       ||    81
       Scimitar          |       |    92 |   388 |   660 |   352 ||  1492
Throw: Throwing net      |       |     1 |     3 |       |       ||     4
Evoke: Wand              |       |       |       |    15 |     5 ||    20
  Use: Potion            |     1 |     4 |     3 |     2 |     2 ||    12
       Scroll            |       |       |    10 |     9 |     5 ||    24
 Stab: Held in net/web   |       |     1 |     2 |       |       ||     3
       Distracted        |       |       |     1 |       |     1 ||     2
       Paralysed         |       |       |       |     4 |     8 ||    12
       Petrified         |       |       |       |     4 |       ||     4
Armor: Leather armour    |    25 |    21 |    14 |       |       ||    60
       Ring mail         |       |       |   109 |   128 |       ||   237
       Chain mail        |       |       |       |   103 |   146 ||   249
Dodge: Dodged            |    58 |    69 |   304 |   648 |   339 ||  1418
       Rpst.: Long sword |    20 |       |       |       |       ||    20
       Scimitar          |       |    17 |    88 |   175 |    77 ||   357
